 Dungeon Crawl Stone Soup version 0.26-a0-346-g33516b1736 (webtiles) character file.

Game seed: 15895301168579176202

688 LadyOphelia the Poker (level 7, -4/61 HPs)
             Began as a Yellow Draconian Berserker on July 17, 2020.
             Was a Believer of Trog.
             Slain by an orc warrior
             ... wielding a +0 war axe
              (5 damage)
             ... on level 5 of the Dungeon.
             The game lasted 00:15:06 (5355 turns).

LadyOphelia the Poker (Yellow Draconian Berserker)  Turns: 5355, Time: 00:15:07

Health: -4/61      AC:  6    Str: 22    XL:     7   Next: 36%
Magic:  7/7        EV: 13    Int:  7    God:    Trog [**....]
Gold:   295        SH:  0    Dex: 10    Spells: 6/6 levels left

rFire    . . .     SeeInvis .   a - +1 spear
rCold    . . .     Faith    .   (no shield)
rNeg     . . .     Spirit   .   (armour unavailable)
rPois    .         Reflect  .   (helmet restricted)
rElec    .         Harm     .   (no cloak)
rCorr    +                      (no gloves)
MR       .....                  (no boots)
Stlth    ++........             (no amulet)
HPRegen  0.20/turn              (no ring)
MPRegen  0.10/turn              (no ring)

@: berserk cooldown, slowed, very slow
A: spit acid, unfitting armour, cold-blooded, acid resistance, AC +6
a: Breathe Acid, Berserk, Trog's Hand, Renounce Religion


You were on level 5 of the Dungeon.
You worshipped Trog.
Trog was pleased with you.
You visited 1 branch of the dungeon, and saw 5 of its levels.

You collected 295 gold pieces.

Inventory:

Hand Weapons
 a - a +1 spear (weapon)
Jewellery
 b - a cursed ring of attention {unknown}
 j - an uncursed ring of resist corrosion {unknown}
Wands
 r - a wand of polymorph (11)
Scrolls
 c - 2 scrolls of remove curse
 d - 2 scrolls of teleportation
 f - 2 scrolls of noise
 h - a scroll of identify
 k - 3 scrolls of random uselessness
Potions
 e - 3 potions of haste
 g - a potion of lignification
 i - a potion of degeneration {unknown}
 l - a potion of curing {unknown}
 n - a potion of invisibility


   Skills:
 + Level 5.1 Fighting
 + Level 6.4 Polearms
 + Level 4.2 Dodging
 + Level 2.3 Stealth


You had 6 spell levels left.
You didn't know any spells.
Your spell library was empty.

Dungeon Overview and Level Annotations

Branches:
Dungeon (5/15)
 Temple: D:4-7

Altars:
Ashenzari
Hepliaklqana
Makhleb
Qazlal


Innate Abilities, Weirdness & Mutations

You can spit globs of acid.
Your golden yellow scales are hard. (AC +6)
You cannot fit into any form of body armour.
You are cold-blooded and may be slowed by cold attacks.
You are resistant to acid. (rCorr)


Message History

The orc warrior hits you with a +0 hand axe!
An orc wizard comes into view. It is wielding a +3 dagger.
The orc warrior closely misses you. The orc hits you with a +3 trident.
There is an open translucent door, spattered with blood here.
Items here: )) [ †† a +0 club; a +0 chain mail; a +0 short sword; an orc corpse x2
The orc warrior misses you.
The orc hits you from afar with a +3 trident.
The orc warrior hits you with a +0 hand axe!
* * * LOW HITPOINT WARNING * * *
You hit the orc warrior.
Your tail-slap misses the orc warrior.
The orc warrior is lightly wounded.
The orc warrior hits you with a +0 war axe!
* * * LOW HITPOINT WARNING * * *
The orc barely misses you. The orc warrior closely misses you.
You hit the orc warrior.
You tail-slap the orc warrior, but do no damage.
The orc warrior is moderately wounded.
The orc warrior hits you with a +0 war axe.
You die...

#.......#........#
#.......#.......##
#.8...8.#####...#
#......o#####...#
#.oZoo##.......#
#8ooo8##......##


#ooo# #......# ##o####.###### #@o....# ######## You could see 2 orc warriors, an
orc wizard, 9 orcs and a worker ant zombie.

Vanquished Creatures
  A phantom (D:4)
  2 ogres
  A scorpion (D:4)
  A water moccasin skeleton (D:4)
  An orc wizard (D:4)
  2 orc priests (D:4)
  An iguana (D:4)
  2 worker ants (D:4)
  2 hound skeletons (D:4)
  6 adders
  An ooze (D:1)
  2 worms
  5 dart slugs
  5 leopard geckos
  10 orcs
  A ball python (D:1)
  8 giant cockroaches
  3 goblins
  4 hobgoblins
  3 jackals (D:2)
  3 bats
  3 frilled lizards
  3 kobolds (D:2)
  A quokka skeleton (D:5)
  5 rats
76 creatures vanquished.

Notes
Turn   | Place    | Note
-------+----------+-------------------------------------------
     0 | D:1      | LadyOphelia the Draconian Berserker began the quest for the
                  | Orb.
     0 | D:1      | Reached XP level 1. HP: 19/19 MP: 1/1
   147 | D:1      | Reached XP level 2. HP: 18/26 MP: 2/2
   847 | D:2      | Reached XP level 3. HP: 33/33 MP: 3/3
  1256 | D:2      | Found a shattered altar of Ashenzari.
  1272 | D:2      | Reached ** piety under Trog
  1503 | D:2      | Reached XP level 4. HP: 40/40 MP: 4/4
  2549 | D:4      | Reached skill level 4 in Polearms
  2991 | D:4      | Reached skill level 1 in Stealth
  2991 | D:4      | Reached XP level 5. HP: 33/46 MP: 5/5
  3477 | D:4      | Found a burning altar of Makhleb.
  3760 | D:4      | Found a hazy altar of Hepliaklqana.
  3775 | D:4      | Reached skill level 5 in Polearms
  3775 | D:4      | Reached XP level 6. HP: 30/53 MP: 6/6
  4279 | D:4      | HP: 1/55 [orc priest/divine providence (10)]
  4288 | D:4      | Your scales start taking on a golden yellow colour.
  4288 | D:4      | Reached XP level 7. HP: 52/60 MP: 7/7
  4288 | D:4      | Gained mutation: You are resistant to acid. (rCorr) [Yellow
                  | Draconian growth]
  4290 | D:4      | Reached skill level 5 in Fighting
  4290 | D:4      | Reached skill level 6 in Polearms
  4776 | D:5      | Entered Level 5 of the Dungeon
  4966 | D:5      | Found a stormy altar of Qazlal.
  4997 | D:5      | Found a runed translucent door.
  5354 | D:5      | HP: 1/61 [orc warrior/+0 war axe (17)]
  5355 | D:5      | Slain by an orc warrior

Illustrated notes

Levels and vault maps discovered:
D:1:      elethiomel_arrival_infinity_welcomes_careful_drivers, layout_basic
D:2:      layout_loops_ring, lemuel_crystal_altar
D:3:      layout_basic, minmay_misc_feat_enclosed
D:4:      layout_loops_corners, kennysheep_mini_moat, pf_just_have_faith
D:5:      layout_basic, lemuel_crystal_altar, lightli_church_of_beogh

Skill      XL: |  1  2  3  4  5  6  7 |
---------------+----------------------+-----
Dodging        | 3 4 |  4.2
Fighting       | 4 5 |  5.1
Polearms       | 4 5 6 |  6.4
Stealth        | 1 2 |  2.3

Action                   |  1- 3 |  4- 6 |  7- 9 || total
-------------------------+-------+-------+-------++-------
Melee: Spear             |   110 |   161 |    67 ||   338
       Tailslap          |    13 |    31 |     8 ||    52
Invok: Berserk           |       |     3 |     1 ||     4
  Use: Scroll            |       |     9 |     1 ||    10
       Potion            |       |    10 |       ||    10
 Stab: Sleeping          |     1 |       |     1 ||     2
Armor: Skin              |    38 |    28 |    14 ||    80
Dodge: Dodged            |    75 |    85 |    50 ||   210

Table legend:
 A = Non-vault XP
 B = Vault XP
 C = Vault XP percentage of total XP
 D = Non-vault monster count
 E = Vault monster count
 F = Vault count percentage of total count
                 A         B        C        D         E       F
            +---------+---------+-------+---------+---------+-------
      Total |     972 |      12 |   1.2 |      72 |       4 |   5.3
            +---------+---------+-------+---------+---------+-------
        D:1 |      40 |       0 |   0.0 |      16 |       0 |   0.0
        D:2 |      58 |       0 |   0.0 |      17 |       0 |   0.0
        D:3 |      16 |       0 |   0.0 |       7 |       0 |   0.0
        D:4 |     688 |       0 |   0.0 |      23 |       0 |   0.0
        D:5 |     170 |      12 |   6.6 |       9 |       4 |  30.8
            +---------+---------+-------+---------+---------+-------
